 Dungeon Crawl Stone Soup version 0.23-a0-54-gae6112e (webtiles) character file.

4 Amnesiac the Gusty (level 1, 0/13 HPs)
             Began as a Mummy Air Elementalist on Aug 8, 2018.
             Slain by a jackal (1 damage)
             ... on level 1 of the Dungeon.
             The game lasted 00:00:28 (132 turns).

Amnesiac the Gusty (Mummy Air Elementalist)          Turns: 132, Time: 00:00:29

Health: 0/13       AC:  2    Str: 11    XL:     1   Next: 50%
Magic:  4/4        EV: 12    Int: 14    God:
Gold:   8          SH:  0    Dex: 12    Spells: 4/5 levels left

rFire    x . .     SeeInvis .   (no weapon)
rCold    + . .     Gourm    .   (no shield)
rNeg     + + +     Faith    .   a - +0 robe
rPois    ∞         Spirit   .   (no helmet)
rElec    .         Reflect  .   (no cloak)
rCorr    .         Harm     .   (no gloves)
MR       .....                  (no boots)
Stlth    ++........             (no amulet)
HPRegen  0.04/turn              (no ring)
MPRegen  0.09/turn              (no ring)

@: no status effects
A: no food or potions, fire vulnerability, cold resistance 1, negative energy
resistance 3, torment resistance, unbreathing
a: no special abilities


You were on level 1 of the Dungeon.
You were not hungry.

You visited 1 branch of the dungeon, and saw 2 of its levels.

You collected 8 gold pieces.

Inventory:

Armour
 a - a +0 robe (worn)
Scrolls
 b - a scroll of identify {!r, unknown}


   Skills:
 - Level 1.5 Dodging
 - Level 1.5 Stealth
 + Level 2.6 Spellcasting
 - Level 0.7 Conjurations
 * Level 2.7 Air Magic


You had 4 spell levels left.
You knew the following spells:

 Your Spells              Type           Power        Failure   Level  Hunger
a - Shock                 Conj/Air       #...         11%         1    N/A

Your spell library contained the following spells:

 Spells                   Type           Power        Failure   Level  Hunger
 Lightning Bolt           Conj/Air       #.........   97%         5    N/A
 Swiftness                Chrm/Air       #.......     19%         2    N/A
 Airstrike                Air            #.........   58%         4    N/A
 Static Discharge         Conj/Air       #.......     32%         3    N/A

Dungeon Overview and Level Annotations

Branches:
Dungeon (2/15)

Altars:


Innate Abilities, Weirdness & Mutations

You do not eat or drink.
Your flesh is vulnerable to fire.
You are immune to poison.
Your flesh is cold resistant. (rC+)
You are immune to negative energy. (rN+++)
You are immune to unholy pain and torment.
You can survive without breathing.


Message History

You can't see any susceptible monsters within range! (Use Z to cast anyway.)
You start resting.
Magic restored.
You see here a bat corpse.
A bat comes into view.
Things that are here:
a dagger; a kobold corpse
Casting: Shock (safe; 11% risk of failure)
Confirm with . or Enter, or press ? or * to list all spells.
Aiming: Shock (safe; 11% risk of failure)
Press: ? - help, Shift-Dir - straight line, f - bat
Aim: a bat The zap hits the bat.
You kill the bat!
Training target 2.7 for Air Magic reached!
You need to enable at least one skill for training.
You start resting.
Magic restored.
Found 5 poisoned needles.
A goblin comes into view.
A bat comes into view.
Found 19 stones.
A bat comes into view.
Found a sedimented golden potion.
A jackal comes into view.
Found a fuming coppery potion.
A frilled lizard and a jackal come into view.
The jackal barks! x2; You hear a bark!
A jackal comes into view. x2
You see here a sedimented golden potion {!q}.
A jackal comes into view.
The jackal bites you. The jackal barely misses you.
A jackal comes into view.
The jackal moves out of view.
A kobold comes into view.
A jackal comes into view.
The jackal barks!
A jackal comes into view.
The bat barely misses you.
The jackal bites you but does no damage.
The bat closely misses you. The jackal bites you.
The jackal closely misses you. The jackal barely misses you. x2
An ooze comes into view.
The jackal barks!
You hear an angry hiss.
You hear a bark!
The jackal bites you. x2
* * * LOW HITPOINT WARNING * * *
The bat barely misses you. The jackal bites you.
* * * LOW HITPOINT WARNING * * *
You hit the jackal.
The jackal is severely wounded.
The bat closely misses you. The jackal barely misses you.
The jackal bites you but does no damage.
The jackal misses you. The jackal barely misses you. The jackal bites you.
* * * LOW HITPOINT WARNING * * *
You hit the jackal.
The jackal is almost dead.
The jackal barely misses you. The jackal bites you.
* * * LOW HITPOINT WARNING * * *
The jackal closely misses you. x2; The bat hits you but does no damage.
The jackal closely misses you.
The jackal bites you but does no damage.
You hit the jackal but do no damage. The bat completely misses you.
The bat hits you but does no damage. The jackal bites you.
You die...

##...#### ......# ### ######..
....(.. ..........##. ..##....
##..$##.........!.....###..#..#.#
#...# .....................##..
#.### . ......b..##.......###. ..
#........#..#.#.##..##.. ##..#.#
#....!.h...#....
....K.b##.#.##.....#...#
#.h@hhh.....####...#
#.....hhh......###......
.......h...........#....
##.....J...###.##.##....
#......#..# #.....##...
#..#.##..... ###...##... ..#..
......# .......(. ..... .......
.......... ...........


You could see an ooze, 8 jackals, a bat and a kobold.

Vanquished Creatures
  2 bats (D:1)
  A kobold (D:1)
  A rat (D:2)
4 creatures vanquished.

Notes
Turn   | Place    | Note
-------+----------+-------------------------------------------
     0 | D:1      | Amnesiac the Mummy Air Elementalist began the quest for the Orb.
     0 | D:1      | Reached XP level 1. HP: 13/13 MP: 4/4
   132 | D:1      | Slain by a jackal

Vault maps used:
D:1:      kennysheep_arrival_forest, minmay_curled_crystal

Action                   || total
-------------------------++-------
Melee: Unarmed           ||     3
 Cast: Shock             ||     5
Armor: Robe              ||     5
Dodge: Dodged            ||    16

Table legend:
 A = Spawn XP
 B = Non-spawn XP
 C = Spawn XP percentage of total XP
 D = Spawn monster count
 E = Non-spawn monster count
 F = Spawn count percentage of total count
 G = Total turns spent on level
                    A         B        C        D         E        F      G
               +---------+---------+-------+---------+---------+-------+---------
         Total |       0 |       6 |   0.0 |       0 |       4 |   0.0 |   132
               +---------+---------+-------+---------+---------+-------+---------
           D:1 |       0 |       5 |   0.0 |       0 |       3 |   0.0 |   110
           D:2 |       0 |       1 |   0.0 |       0 |       1 |   0.0 |    22
               +---------+---------+-------+---------+---------+-------+---------
